Map: Junção Kairos LE

Players

Hugo - Winner!

  • Race: Terran Terran
  • League: Platinum
  • Spawn Location: 5:00

Vicster

  • Race: Terran Terran
  • League: Gold
  • Spawn Location: 11:00

VOD

Have the link to the VOD?

Description

Time

  • Played on: Jan. 8, 2019, 12:31 p.m.
  • Length: 8:22
Show
View Real Time Build Order
Export as new Build Order

Hugo Terran - Winner!

Build Orders:  

Get SALT Encoding   

  12  0:01  SCV  
  13  0:13  SCV  
  14  0:19  Supply Depot  
  14  0:25  SCV  
  15  0:41  SCV  
  16  0:47  Barracks  
  16  0:50  Refinery  
  16  0:53  SCV  
  17  1:05  SCV  
  17  1:10  Supply Depot  
  18  1:17  SCV  
  19  1:33  Orbital Command  
  19  1:35  Barracks Reactor  
  19  1:42  Refinery  
  19  1:59  SCV  
  20  2:11  SCV  
  20  2:12  Factory  
  20  2:14  Marine x2  
  23  2:23  SCV  
  24  2:31  Marine  
  24  2:32  Marine  
  24  2:34  Supply Depot  
  26  2:40  Supply Depot  
  26  2:49  Marine x2  
  28  3:07  Marine x2  
  28  3:11  Starport  
  30  3:25  Marine x2  
  32  3:43  Marine x2  
  34  3:51  Fusion Core  
  34  3:53  Starport Tech Lab  
  34  4:01  Marine x2  
  36  4:05  Factory Tech Lab  
  36  4:20  Marine  
  36  4:21  Marine  
  38  4:38  Marine, Weapon Refit  
  38  4:39  Marine  
  38  4:40  Battlecruiser  
  46  4:49  Supply Depot  
  46  4:50  Supply Depot  
  46  4:52  Supply Depot  
  46  5:36  Supply Depot  
  46  5:38  Marine x2  
  48  5:44  Battlecruiser  
  54  5:56  Marine x2  
  56  6:14  Marine x2  
  58  6:31  Marine  
  58  6:32  Marine  
  60  6:48  Battlecruiser  
Show
View Real Time Build Order
Export as new Build Order

Vicster Terran 

Build Orders: Mech 

Get SALT Encoding   

  12  0:00  SCV  
  13  0:13  SCV  
  14  0:17  Supply Depot  
  14  0:25  SCV  
  15  0:38  SCV  
  16  0:43  Barracks  
  16  0:50  SCV  
  17  1:00  Refinery  
  17  1:03  SCV  
  18  1:15  SCV  
  19  1:35  Orbital Command  
  19  1:38  Command Center  
  19  1:41  Marine  
  20  2:00  SCV  
  21  2:08  Factory  
  21  2:12  Barracks Tech Lab, SCV  
  22  2:19  Supply Depot  
  22  2:36  SCV  
  23  2:47  Refinery  
  23  2:48  SCV  
  23  2:49  Orbital Command  
  24  2:56  Bunker  
  23  3:00  SCV  
  23  3:03  Siege Tank  
  27  3:12  SCV  
  27  3:15  SCV  
  29  3:25  SCV  
  30  3:27  SCV  
  30  3:29  Command Center  
  31  3:37  SCV  
  31  3:38  Supply Depot  
  31  3:40  SCV  
  33  3:42  Siege Tank  
  36  3:49  SCV, Engineering Bay  
  36  3:52  SCV  
  38  4:01  SCV  
  39  4:04  SCV  
  39  4:09  Supply Depot  
  40  4:13  SCV  
  40  4:14  Siege Tank  
  44  4:18  Missile Turret  
  44  4:19  Missile Turret  
  44  4:31  SCV  
  44  4:36  Supply Depot  
  44  4:38  SCV  
  46  4:43  SCV, Orbital Command  
  47  4:46  Siege Tank  
  47  4:47  Factory  
  47  4:50  SCV  
  47  4:52  Factory  
  51  4:55  SCV  
  52  5:02  SCV  
  53  5:11  Refinery  
  53  5:12  Refinery  
  53  5:14  SCV x2  
  53  5:15  SCV  
  53  5:19  Supply Depot  
  56  5:26  SCV x2  
  56  5:27  SCV  
  59  5:35  Factory Tech Lab  
  59  5:36  Factory Reactor  
  59  5:40  Missile Turret  
  59  5:42  Supply Depot  
  59  5:46  Missile Turret  
  48  6:30  Armory  
  30  6:55  Missile Turret  
  25  7:05  SCV  
  25  7:06  SCV x2  
  18  7:18  SCV x3  
  18  7:21  Thor  
  26  7:30  SCV x2  
  26  7:31  SCV  
  26  7:42  SCV x2  
  26  7:43  SCV  
  17  7:54  SCV x2  
  17  7:55  SCV  
  17  8:06  SCV x2  
  17  8:07  SCV  
Tags
 
Composition
Mech
Matchup
TvT
Race
Terran
Replay Pack
Vicster replay
Spawn Locations
Cross Positions
Add a new tag
Caveats
  • Supply blocks, unpowered buildings, or Contaminate may cause inaccurate times.
  • Supply counts are checked every 10 seconds.